 Dungeon Crawl Stone Soup version 0.17.0-27-g4a3f43e (webtiles) character file.

795 Kidiri the Skirmisher (level 7, -6/63 HPs)
             Began as a Purple Draconian Abyssal Knight on Nov 21, 2015.
             Was a Priest of Lugonu.
             Mangled by a lorocyproca (10 damage)
             ... summoned by Lugonu's corruption
             ... in the Ecumenical Temple.
             The game lasted 00:16:29 (5138 turns).

Kidiri the Skirmisher (DrAK)                        Turns: 5138, Time: 00:16:29

Health: -6/63      AC:  8    Str: 15    XL:     7   Next: 58%
Magic:  3/9        EV: 13    Int: 13    God:    Lugonu [***...]
Gold:   296        SH:  0    Dex: 11    Spells: 0 memorised, 6 levels left

rFire  . . .     SeeInvis .     a - +1 mace
rCold  . . .     Clarity  .     (armour unavailable)
rNeg   . . .     SustAt   .     (no shield)
rPois  .         Gourm    .     (helmet restricted)
rElec  .         Spirit   .     (no cloak)
rCorr  .         Warding  .     g - +0 pair of gloves
rMut   .         Stasis   .     i - +0 pair of boots
MR     +....                    (no amulet)
Stlth  +.........               (no ring)
                                (no ring)

@: somewhat resistant to hostile enchantments, very unstealthy
A: breathe power, unfitting armour, cold-blooded, AC +6
a: Breathe Dispelling Energy, Depart the Abyss, Bend Space, Banish, Renounce
Religion


You were in the Ecumenical Temple.
You worshipped Lugonu.
Lugonu was most pleased with you.
You were not hungry.

You visited 2 branches of the dungeon, and saw 5 of its levels.
You visited the Abyss 1 time.
You also visited: Ossuary.

You collected 296 gold pieces.

Inventory:

Hand Weapons
 a - a +1 mace (weapon)
 j - the +6 mace of Itaded {antimagic, MP+9 Stlth+}
   (You found it in an ossuary)

   It disrupts the flow of magical energy around spellcasters and certain
   magical creatures (including the wielder).
   It affects your magic capacity (+9).
   It makes you more stealthy.
Armour
 g - a +0 pair of gloves (worn)
 i - a +0 pair of boots (worn)
Wands
 c - a wand of fireball (8)
Scrolls
 p - 2 scrolls of remove curse
Potions
 b - a potion of invisibility {unknown}
 d - 5 potions of heal wounds
 e - a potion of brilliance
 f - a potion of flight
 h - 3 potions of agility {unknown}
 l - 3 potions of curing
 n - 3 potions of lignification
Books
 q - a book of Summonings

   Spells                             Type                      Level
   a - Recall                         Summoning/Translocation      3
   b - Aura of Abjuration             Summoning                    5
   c - Shadow Creatures               Summoning                    5
   d - Summon Demon                   Summoning                    5
   e - Summon Forest                  Summoning/Translocation      5
   f - Summon Mana Viper              Hexes/Summoning              5
Comestibles
 k - a bread ration
 m - 4 chunks of flesh
 o - 2 fruits


   Skills:
 * Level 6.2 Fighting
 * Level 5.0 Maces & Flails
 * Level 4.4 Dodging
 + Level 3.7 Invocations


You had 6 spell levels left.
You didn't know any spells.

Dungeon Overview and Level Annotations

Branches:
Dungeon (4/15)             Temple (1/1) D:4

Altars:
Fedhas
Makhleb
Nemelex Xobeh
Okawaru
Ru
Sif Muna
Trog
Xom
Yredelemnul
Lugonu

Annotations:
Temple corrupted


Innate Abilities, Weirdness & Mutations

You can breathe bolts of dispelling energy.
Your rich purple scales are hard (AC +6).
Your body does not fit into most forms of armour.
You are cold-blooded and may be slowed by cold attacks.


Message History

The demonic crawler barely misses you. The demonic crawler hits you.
The demonic crawler hits you. The demonic crawler closely misses you.
The demonic crawler misses you. The demonic crawler hits you!
Unknown command.
The quasit misses you.
The quasit claws you but does no damage.
The quasit closely misses you. Something hits you but does no damage.
Deactivating autopickup; reactivate with Ctrl-A.
There is a fountain of clear blue water here.
You hit something but do no damage. The quasit barely misses you.
The quasit barely misses you.
The quasit claws you but does no damage.
Tentacles burst from the starspawn's body!
Something hits you!!
* * * LOW HITPOINT WARNING * * *
You feel your power leaking away. The quasit barely misses you.
The quasit completely misses you. The quasit misses you.
You miss something. Something hits you!
You die...

###.5h..........._.....
#........#_.......4....._
...5#....x...#...........
........#........#.......
.....#....##...#.........
....X..x...........⌠.....
..5........h.....5.......
.....#.....5.............
...._...#..3@....<....⌠..
........5................
...........w.............
.X.......w.*.s.⌠...⌠.....
....#._.*.*...3..........
.......*.*..X............
........X................
#........._............._
###.............._#


You could see a neutral tentacled starspawn, a neutral demonic crawler, a
neutral large abomination (wandering), a neutral rust devil (wandering), a
neutral smoke demon (wandering), a neutral chaos spawn, a neutral hell hound, a
neutral small abomination (wandering), 2 neutral starspawn tentacles, a neutral
quasit (wandering), a neutral white imp (wandering) and a neutral ufetubus
(wandering).

Vanquished Creatures
  The ghost of Borgoz the Sneak, an amateur SpAs (D:3)
  2 phantoms (D:4)
  2 water moccasin zombies (Ossuary)
  A hound (D:4)
  3 orc wizards (D:4)
  5 big kobold zombies (Ossuary)
  2 mummies (Ossuary)
  3 gnolls (D:2)
  5 adders
  3 oozes
  5 adder zombies (Ossuary)
  2 worms
  3 giant geckos
  6 orcs
  A gnoll zombie (Ossuary)
  5 goblins
  7 hobgoblins
  9 jackals
  9 kobolds
  2 ball pythons
  6 bats
  6 giant cockroaches
  5 giant newts
  3 hobgoblin zombies (Ossuary)
  3 kobold zombies (Ossuary)
  5 orc zombies (Ossuary)
  4 rats
108 creatures vanquished.

Vanquished Creatures (others)
  A kobold zombie (Ossuary)
  5 starspawn tentacle segments (Temple)
6 creatures vanquished.

Grand Total: 114 creatures vanquished

Notes
Turn   | Place    | Note
--------------------------------------------------------------
     0 | Abyss:1  | Kidiri the Draconian Abyssal Knight began the quest for the Orb.
     0 | Abyss:1  | Reached XP level 1. HP: 19/19 MP: 2/2
    12 | D:1      | Escaped the Abyss
   196 | D:1      | Reached XP level 2. HP: 23/26 MP: 3/3
   447 | D:1      | Reached ** piety under Lugonu
   988 | D:2      | Reached XP level 3. HP: 31/33 MP: 4/4
  1030 | D:2      | Reached skill level 4 in Fighting
  1346 | D:2      | Reached XP level 4. HP: 15/41 MP: 5/5
  1956 | D:2      | Found a sacrificial altar of Ru.
  2020 | D:2      | Found a blossoming altar of Fedhas.
  2168 | D:3      | Found a sparkling altar of Nemelex Xobeh.
  2400 | D:3      | Reached *** piety under Lugonu
  2456 | D:3      | Noticed Borgoz's ghost (amateur SpAs)
  2478 | D:3      | Killed Borgoz's ghost
  2478 | D:3      | Reached skill level 5 in Fighting
  2478 | D:3      | Reached XP level 5. HP: 33/48 MP: 5/7
  3237 | D:4      | Found a sand-covered staircase.
  3245 | Ossuary  | Entered an ossuary
  3558 | Ossuary  | Reached XP level 6. HP: 28/56 MP: 8/8
  4159 | Ossuary  | Reached **** piety under Lugonu
  4351 | Ossuary  | Got an ebony mace
  4352 | Ossuary  | Identified the +6 mace of Itaded {antimagic, MP+9 Stlth+} (You found it in an ossuary)
  4530 | D:4      | Noticed a phantom
  4540 | D:4      | Killed a phantom
  4540 | D:4      | Your scales start taking on a rich purple colour.
  4540 | D:4      | Reached XP level 7. HP: 54/62 MP: 6/9
  4578 | D:4      | Noticed a phantom
  4623 | D:4      | Killed a phantom
  4623 | D:4      | Reached skill level 6 in Fighting
  4931 | D:4      | Found a staircase to the Ecumenical Temple.
  4957 | D:4      | Reached skill level 5 in Maces & Flails
  4982 | Temple   | Entered the Ecumenical Temple
  5100 | Temple   | Corrupted Temple
  5100 | Temple   | Noticed a rust devil
  5100 | Temple   | Noticed a ynoxinul
  5100 | Temple   | Noticed a tentacled starspawn
  5100 | Temple   | Noticed a large abomination
  5100 | Temple   | Noticed a large abomination
  5100 | Temple   | Noticed a demonic crawler
  5101 | Temple   | Noticed a large abomination
  5102 | Temple   | Noticed a smoke demon
  5102 | Temple   | Noticed a shadow
  5135 | Temple   | Noticed a small abomination
  5138 | Temple   | Mangled by a lorocyproca

Action                   |  1- 3 |  4- 6 |  7- 9 || total
-------------------------+-------+-------+-------++-------
Melee: Mace              |   110 |   304 |    56 ||   470
Invok: Corrupt           |       |       |     1 ||     1
  Use: Scroll            |       |    11 |       ||    11
       Potion            |       |     2 |       ||     2
 Stab: Sleeping          |       |       |     1 ||     1
  Eat: Chunk             |     1 |     6 |     2 ||     9
       Beef jerky        |       |     1 |       ||     1
       Bread ration      |       |     1 |       ||     1
